AoeStats
← sensticks

Nomad

509990193Analyzed
2v2 RM · 4d ago on Sep 28, 2026· 39m 8s· 4 players
Game mode
Random Map
Map size
176×176
Population
200
Speed
Normal
Resources
Standard
Victory
Conquest
Starting age
Dark Age
Ending age
Imperial Age
RankedLock teamsTeams togetherTeam positionsShared explorationLock speedFull tech treeHidden civsTurbo modeCheats
Victory
Defeat
🇹🇷 Celts · Türkiye
914
+12
🇺🇸 Britons · United States
899
+12
🇨🇦 Celts · Canada
829
-12
🇫🇷 Vikings · France
811
-12
sensticks
4:37 Loom
13:43 Feudal Age
14:36 Double-Bit Axe
16:27 Fishing Lines
20:50 Castle Age
20:19 Forging
20:09 Scale Mail Armor
20:44 Fletching
22:00 Wheelbarrow
24:04 Gold Mining
25:30 Scale Barding Armor
27:03 Chain Barding Armor
27:19 Iron Casting
30:59 Chain Mail Armor
31:19 Iron Casting
37:46 Arson
40:58 Imperial Age
Nostro
14:23 Feudal Age
13:10 Loom
18:12 Castle Age
17:13 Double-Bit Axe
jaykablooey27
2:58 Loom
13:39 Feudal Age
15:21 Double-Bit Axe
22:41 Castle Age
21:13 Forging
21:11 Horse Collar
21:26 Fletching
22:42 Padded Archer Armor
24:30 Bodkin Arrow
24:29 Pikeman
28:32 Ballistics
28:36 Gold Mining
28:11 Crossbowman
29:43 Iron Casting
34:24 Scale Mail Armor
34:39 Leather Archer Armor
36:55 Imperial Age
36:11 Chain Mail Armor
39:03 Bracer
40:03 Blast Furnace
39:34 Plate Mail Armor
zombiekiller7
12:48 Loom
16:17 Feudal Age
17:03 Horse Collar
16:45 Man-at-Arms
18:09 Arson
18:19 Double-Bit Axe
22:13 Wheelbarrow
26:24 Castle Age
24:30 Stone Mining
25:43 Forging
26:37 Pikeman
29:11 Hand Cart
30:16 Gold Mining
37:50 Stronghold
39:15 Heavy Plow
Connection lost

Rejoining the realm…

Still unreachable

The connection could not be restored.

Session expired

The server has moved on; the page needs a fresh start.